 Dungeon Crawl Stone Soup version 0.29.1-4-g47bece8355 (webtiles) character file.

Game seed: 5830586395077103192

65 retardedninja the Trooper (level 4, -4/30 (41) HPs)
             Began as a Hill Orc Fighter on Dec 9, 2022.
             Slain by Natasha (5 damage)
             ... on level 2 of the Dungeon.
             The game lasted 00:01:12 (1114 turns).

retardedninja the Trooper (Hill Orc Fighter)        Turns: 1114, Time: 00:01:13

HP:   -4/30 (41)    AC:  7    Str: 20    XL:     4   Next: 14%
MP:   4/4           EV:  9    Int:  8    God:
Gold: 97            SH:  0    Dex: 10    Spells: 3/3 levels left

rFire   . . .      SeeInvis .   a - +0 war axe
rCold   . . .      Faith    .   c - +0 buckler
rNeg    . . .      Spirit   .   b - +0 scale mail
rPois   .          Reflect  .   (no helmet)
rElec   .          Harm     .   (no cloak)
rCorr   .          Rampage  .   (no gloves)
Will    .....                   (no boots)
Stlth   ..........              (no amulet)
HPRegen 0.10/turn               (no ring)
MPRegen 0.09/turn               (no ring)

@: confused, mighty, ambrosia-drunk, very heavily drained, invisible
A: no striking features
a: no special abilities


You were on level 2 of the Dungeon.
You visited 1 branch of the dungeon, and saw 2 of its levels.

You collected 97 gold pieces.

Inventory:

Hand Weapons
 a - a +0 war axe (weapon)
Armour
 b - a +0 scale mail (worn)
 c - a +0 buckler (worn)
Jewellery
 h - a +6 ring of dexterity
 i - a ring of positive energy
Scrolls
 f - a scroll of teleportation {unknown}
 g - 2 scrolls of fear {unknown}
 j - a scroll of enchant armour {unknown}
 l - a scroll of immolation {unknown}
 m - a scroll of enchant weapon {unknown}


   Skills:
 + Level 4.3 Fighting
 + Level 4.0 Axes
 + Level 3.7 Armour
 + Level 0.2 Dodging
 + Level 3.7 Shields


You had 3 spell levels left.
You didn't know any spells.
Your spell library contained the following spells:

 Spells                   Type           Power      Damage    Failure   Level
 Beastly Appendage        Tmut           0%         N/A       85%         1
 Wereblood                Tmut           0%         N/A       94%         2
 Spider Form              Tmut/Pois      0%         N/A       99%         3


Dungeon Overview and Level Annotations

Branches:
Dungeon (2/15)

Altars:
Vehumet

Annotations:
D:2 Natasha, Terence


Message History

You block Terence's attack.
Natasha howls an incantation.
You feel troubled.
Terence hits you with a +3 mace of draining.
You feel drained. Natasha claws you.
You barely miss Terence.
Terence is almost dead.
You hit Natasha. Terence hits you but does no damage.
You feel drained. Natasha misses you.
You closely miss Terence.
Terence is almost dead.
You hit Natasha.
Terence hits you with a +3 mace of draining.
You feel drained. Natasha claws you!
* * * LOW HITPOINT WARNING * * *
Unknown command.
You are too injured to fight recklessly!
Unknown command.
You are too injured to fight recklessly!
You feel very mighty all of a sudden.
Terence hits you with a +3 mace of draining.
* * * LOW HITPOINT WARNING * * *
You feel drained.
Natasha casts a spell.
It was a potion of ambrosia.
You are confused.
You feel invigorated.
Terence hits you with a +3 mace of draining.
* * * LOW HITPOINT WARNING * * *
You feel drained.
* * * LOW HITPOINT WARNING * * *
Natasha mumbles some strange words.
It was a potion of invisibility.
You fade into invisibility!
Terence hits you with a +3 mace of draining.
* * * LOW HITPOINT WARNING * * *
You feel drained.
* * * LOW HITPOINT WARNING * * *
Natasha claws you.
You die...

#..#.#..(.........#
#..#.#..##........#
#..#....#†........# ##
#..#.#..#.........##....
####....#.###...........
# #...##. ####.###.### #
≈≈~~##. #.....# ####...
.. #..#### ..# ## #@5#
### #..@h†.....#
#...5.......
#........### #........#
#.......... #.......####
#.......#


You could see Terence (unable to see you), Natasha, a crimson imp (summoned,
unable to see you) and a white imp (summoned, unable to see you).

Vanquished Creatures
  Natasha (D:2)
  An adder (D:2)
  A dart slug (D:1)
  2 bats
  An endoplasm (D:1)
  3 giant cockroaches (D:1)
  6 goblins
  4 hobgoblins
  3 ball pythons
  3 frilled lizards (D:1)
  3 kobolds (D:1)
  2 rats
30 creatures vanquished.

Vanquished Creatures (others)
  A plant (D:1)
1 creature vanquished.

Grand Total: 31 creatures vanquished

Notes
Turn   | Place    | Note
-------+----------+-------------------------------------------
     0 | D:1      | retardedninja the Hill Orc Fighter began the quest for the
                  | Orb.
     0 | D:1      | Reached XP level 1. HP: 19/19 MP: 1/1
   137 | D:1      | Reached XP level 2. HP: 25/27 MP: 2/2
   503 | D:1      | Reached XP level 3. HP: 33/33 MP: 3/3
   603 | D:2      | Noticed Natasha
   615 | D:2      | Killed Natasha
  1025 | D:2      | Reached XP level 4. HP: 39/41 MP: 4/4
  1037 | D:2      | Found a radiant altar of Vehumet.
  1104 | D:2      | Noticed Terence
  1105 | D:2      | Noticed Natasha
  1114 | D:2      | HP: 1/30 [Terence/+3 mace of draining (1)]
  1114 | D:2      | Slain by Natasha

Illustrated notes

Levels and vault maps discovered:
D:1:      eino_arrival_tree_alley, layout_basic, minivault_25,
          amcnicky_mini_corridor_feature
D:2:      layout_basic, basic_altar, serial_rivers,
          chequers_serial_rivers_small_3, chequers_serial_rivers_micro_b,
          chequers_serial_rivers_room_a, chequers_serial_rivers_micro_b,
          chequers_serial_rivers_small_b, uniq_natasha, uniq_terence

Skill      XL: |  1  2  3  4 |
---------------+-------------+-----
Axes           | 3 4 |  4.0
Fighting       | 4 |  4.3
Armour         | |  3.7
Dodging        | |  0.2
Shields        | |  3.7

Action                   |  1- 3 |  4- 6 || total
-------------------------+-------+-------++-------
Melee: War axe           |    79 |    12 ||    91
  Use: Potion            |     2 |     3 ||     5
Armor: Scale mail        |    36 |     3 ||    39
Dodge: Dodged            |    60 |     7 ||    67
Block: Buckler           |    10 |     6 ||    16
